 Dungeon Crawl Stone Soup version 0.22-a0-44-geb883ae (webtiles) character file.

61 gmonis the Firebug (level 3, 0/24 HPs)
             Began as a Demonspawn Fire Elementalist on Jan 6, 2018.
             Slain by a jackal (1 damage)
             ... on level 2 of the Dungeon.
             The game lasted 00:06:48 (1131 turns).

gmonis the Firebug (Demonspawn Fire Elementalist)   Turns: 1131, Time: 00:06:48

Health: 0/24       AC:  2    Str:  8    XL:     3   Next: 83%
Magic:  1/6        EV: 12    Int: 17    God:
Gold:   35         SH:  0    Dex: 13    Spells: 2/6 levels left

rFire    . . .     SeeInvis +   (no weapon)
rCold    . . .     Gourm    .   (no shield)
rNeg     . . .     Faith    .   a - +0 robe
rPois    .         Spirit   .   (no helmet)
rElec    .         Reflect  .   (no cloak)
rCorr    .         Harm     .   (no gloves)
MR       .....     Rnd*Tele +   (no boots)
Stlth    ++........             (no amulet)
HPRegen  0.08/turn              l - ring of teleportation (curse)
MPRegen  0.10/turn              k - ring of see invisible

@: no status effects
A: claws 2
a: no special abilities


You were on level 2 of the Dungeon.
You were not hungry.

You visited 1 branch of the dungeon, and saw 2 of its levels.

You collected 35 gold pieces.

Inventory:

Hand Weapons
 o - a +0 club
Armour
 a - a +0 robe (worn)
 e - a +0 cloak
Jewellery
 g - an uncursed ring of fire
 k - a ring of see invisible (right claw)
 l - a cursed ring of teleportation (left claw)
Scrolls
 f - a scroll of enchant weapon {unknown}
 h - a scroll of teleportation {unknown}
 m - a scroll of noise {unknown}
 n - a scroll of fog {unknown}
Potions
 d - a potion of agility {unknown}
 i - 2 potions of degeneration {unknown}
 j - a potion of magic {unknown}
Books
 b - a book of Flames

   Spells                             Type                      Level
   a - Flame Tongue                   Conjuration/Fire             1
   b - Throw Flame                    Conjuration/Fire             2
   c - Conjure Flame                  Conjuration/Fire             3
   d - Inner Flame                    Hexes/Fire                   3
   e - Sticky Flame                   Conjuration/Fire             4
   f - Fireball                       Conjuration/Fire             5
Comestibles
 c - 4 rations


   Skills:
 - Level 1.7 Dodging
 - Level 1.8 Stealth
 + Level 2.0 Spellcasting
 + Level 1.6 Conjurations
 + Level 4.1 Fire Magic


You had 2 spell levels left.
You knew the following spells:

 Your Spells              Type           Power        Failure   Level  Hunger
a - Flame Tongue          Conj/Fire      ##...        6%          1    #......
b - Conjure Flame         Conj/Fire      ##......     19%         3    ###....


Dungeon Overview and Level Annotations

Branches:
Dungeon (2/15)

Altars:


Innate Abilities, Weirdness & Mutations

You have very sharp fingernails.


Message History

The jackal closely misses you. The jackal bites you.
* * * LOW HITPOINT WARNING * * *
You scratch the jackal but do no damage.
The jackal is almost dead.
The jackal bites you.
* * * LOW HITPOINT WARNING * * *
The jackal barely misses you. x2
You scratch the jackal.
You kill the jackal!
The jackal bites you.
* * * LOW HITPOINT WARNING * * *
The jackal bites you.
* * * LOW HITPOINT WARNING * * *
You scratch the jackal.
The jackal is moderately wounded.
The jackal barely misses you.
You barely miss the jackal.
The jackal is moderately wounded.
The jackal bites you.
You die...

...........####..
........#.#......
........#.#....# .
...............#..
.......<..........
#..........†....
..#...............
......†.@h.#
......#.#....+
.....##.#.####
........###########
........'..........
.#
........##.......#
#.#
.....#####.......#
..# #...#
#........###..#
#...
#.............#


You could see a jackal.

Vanquished Creatures
  A hound (D:2)
  2 dart slugs (D:1)
  4 giant cockroaches
  4 goblins
  3 jackals (D:2)
  3 kobolds
  6 bats
  A frilled lizard (D:2)
  3 rats (D:1)
27 creatures vanquished.

Notes
Turn   | Place    | Note
-------+----------+-------------------------------------------
     0 | D:1      | gmonis the Demonspawn Fire Elementalist began the quest for the Orb.
     0 | D:1      | Reached XP level 1. HP: 13/13 MP: 3/3
   230 | D:1      | Reached skill level 3 in Fire Magic
   334 | D:1      | Gained mutation: You have sharp fingernails. [demonic ancestry]
   334 | D:1      | Reached XP level 2. HP: 19/19 MP: 0/5
   854 | D:2      | Found a faded altar of an unknown god.
   963 | D:2      | Reached skill level 4 in Fire Magic
   963 | D:2      | Gained mutation: You have very sharp fingernails. [demonic ancestry]
   963 | D:2      | Reached XP level 3. HP: 24/24 MP: 0/6
  1106 | D:2      | Learned a level 3 spell: Conjure Flame
  1129 | D:2      | HP: 1/24 [jackal (1)]
  1131 | D:2      | Slain by a jackal

Vault maps used:
D:1:      minmay_arrival_radiant_lines, serial_bayou_lagoon_a,
          kennysheep_pointless_box
D:2:      chequers_ecumenical_altar_simple, roderic_lattice_a,
          minmay_tromino_mix6, uniq_crazy_yiuf_cottage

Skill      XL: |  1  2 |
---------------+-------+-----
Fire Magic     | 3 4 |  4.1
Dodging        | |  1.7
Stealth        | |  1.8
Spellcasting   | |  2.0
Conjurations   | |  1.6

Action                   || total
-------------------------++-------
Melee: Unarmed           ||    11
 Cast: Flame Tongue      ||    44
  Eat: Chunk             ||     1
Armor: Robe              ||     6
Dodge: Dodged            ||    35

Table legend:
 A = Spawn XP
 B = Non-spawn XP
 C = Spawn XP percentage of total XP
 D = Spawn monster count
 E = Non-spawn monster count
 F = Spawn count percentage of total count
 G = Total turns spent on level
                    A         B        C        D         E        F      G
               +---------+---------+-------+---------+---------+-------+---------
         Total |       0 |      88 |   0.0 |       0 |      27 |   0.0 |  1131
               +---------+---------+-------+---------+---------+-------+---------
           D:1 |       0 |      25 |   0.0 |       0 |      13 |   0.0 |   827
           D:2 |       0 |      63 |   0.0 |       0 |      14 |   0.0 |   304
               +---------+---------+-------+---------+---------+-------+---------
